 Dungeon Crawl Stone Soup version 0.31-a0-986-g5e6e4ef867 (webtiles) character file.

Game seed: 13010945793237401723

109 Forgeling the Magician (level 4, -3/27 HPs)
             Began as an Octopode Hedge Wizard on Nov 12, 2023.
             Slain by a gnoll bouda
             ... wielding a +0 whip
              (6 damage)
             ... on level 2 of the Dungeon.
             The game lasted 00:04:40 (1561 turns).

Forgeling the Magician (Octopode Hedge Wizard)      Turns: 1561, Time: 00:04:41

Health: -3/27      AC:  5    Str:  9    XL:     4   Next: 90%
Magic:  9/10       EV: 13    Int: 18    God:
Gold:   78         SH:  0    Dex: 11    Spells: 5/11 levels left

rFire   . . .        f - +2 falchion (pain)
rCold   . . .        (no shield)
rNeg    . . .        c - +0 hat
rPois   .            (no amulet)
rElec   .            d - ring of flight
rCorr   .            k - +4 ring of protection
SInv    .            (no ring)
Will    .....        (no ring)
Stlth   +++          (no ring)
HPRegen 0.24/turn    (no ring)
MPRegen 0.12/turn    (no ring)
                     (no ring)

%: no passive effects
@: weakened, flying
A: almost no armour, amphibious, 8 rings, camouflage 1, gelatinous body 1,
(nimble swimmer 1), tentacles
a: no special abilities


You were on level 2 of the Dungeon.
You visited 1 branch of the dungeon, and saw 3 of its levels.

You collected 78 gold pieces.

Inventory:

Hand Weapons
 a - a +0 dagger
 b - a +0 sling
 f - a +2 falchion of pain (weapon)
Missiles
 t - 8 poisoned darts
Armour
 c - a +0 hat (worn)
 g - an orb of guile
Magical Staves
 n - a staff of fire
Jewellery
 d - a ring of flight (left tentacle)
 k - a +4 ring of protection (right tentacle)
 o - a +6 ring of dexterity
Scrolls
 h - 2 scrolls of identify {unknown}
 j - a scroll of amnesia {unknown}
 l - a scroll of immolation {unknown}
 m - 2 scrolls of fear {unknown}
Potions
 e - a potion of mutation {unknown}
 i - a potion of curing {unknown}
 Q - a potion of magic


   Skills:
 - Level 2.0 Dodging
 - Level 2.6 Stealth
 + Level 4.3 Spellcasting
 - Level 1.0 Conjurations
 - Level 3.0 Summonings
 - Level 1.0 Translocations


You had 5 spell levels left.
You knew the following spells:

 Your Spells              Type           Power      Damage    Failure   Level
a - Magic Dart            Conj           28%        1d4       10%         1
d - Call Canine Familiar  Summ           14%        N/A       12%         3
s - Call Imp              Summ           28%        N/A       6%          2

Your spell library contained the following spells:

 Spells                   Type           Power      Damage    Failure   Level
 Summon Small Mammal      Summ           56%        N/A       4%          1
 Apportation              Tloc           14%        N/A       10%         1
 Shock                    Conj/Air       20%        1d4       12%         1
 Slow                     Hex            12%        N/A       14%         1
 Blink                    Tloc           14%        N/A       14%         2
 Cigotuvi's Dreadful Rot  Necr/Pois/Air  6%         N/A       22%         2
 Jinxbite                 Hex            6%         N/A       22%         2
 Summon Guardian Golem    Hex/Summ       9%         N/A       22%         3
 Mephitic Cloud           Conj/Pois/Air  5%         N/A       36%         3
 Swiftness                Air            3%         N/A       38%         3
 Airstrike                Air            1%         2d(1-17)  80%         4
 Alistair's Intoxication  Tmut/Pois      2%         N/A       98%         5


Dungeon Overview and Level Annotations

Branches:
Dungeon (3/15)

Altars:
Trog


Innate Abilities, Weirdness & Mutations

You cannot wear most types of armour.
You are amphibious.
You can wear up to eight rings at the same time.
Your skin changes colour to match your surroundings (Stealth+).
Your rubbery body absorbs attacks. (AC +1, EV +1)
((You are camouflaged when in or above water. (Stealth+)))
You have tentacles for arms and can constrict up to eight enemies at once.


Message History

There is a stone staircase leading down here.
Casting: Call Imp (safe; 6% risk of failure)
Confirm with . or Enter, or press ? or * to list all spells.
A tiny devil pulls itself out of the air.
The gnoll bouda hits you with a +0 whip!
* * * LOW HITPOINT WARNING * * *
Your cerulean imp hits the gnoll bouda with a -3 spear.
You hit the gnoll bouda but do no damage.
You grab the gnoll bouda.
The gnoll bouda is moderately wounded.
You constrict the gnoll bouda, but do no damage.
The gnoll bouda hits you with a +0 whip.
* * * LOW HITPOINT WARNING * * *
You hit the gnoll bouda.
The gnoll bouda is heavily wounded.
You constrict the gnoll bouda, but do no damage.
Your cerulean imp completely misses the gnoll bouda.
The gnoll bouda hits you with a +0 whip!
* * * LOW HITPOINT WARNING * * *
You hit the gnoll bouda but do no damage.
The gnoll bouda is heavily wounded.
You constrict the gnoll bouda, but do no damage.
The gnoll bouda gazes fiercely through you!
You feel your attacks grow feeble.
You hit the gnoll bouda.
The gnoll bouda is heavily wounded.
You constrict the gnoll bouda.
The gnoll bouda hits your cerulean imp with a +0 whip!
The gnoll bouda prays to its god.
The gnoll bouda is healed somewhat.
You hit the gnoll bouda.
The gnoll bouda is heavily wounded.
You constrict the gnoll bouda.
The gnoll bouda hits you with a +0 whip.
* * * LOW HITPOINT WARNING * * *
You hit the gnoll bouda.
The gnoll bouda is almost dead.
You constrict the gnoll bouda, but do no damage.
The gnoll bouda hits you with a +0 whip.
You die...

### ##.# #.## # ######.)#
#†.# # #......######### ##..
# #.######)......# ##. # #.#
#.......# #.
###.######.......###########
##...........)...............
#..########.......##########.
#.## #.@g....##### ## ##.#
#####..5........# ####..#
#...###########.#######
#....##
#...##.................
.....##
#...#..#########.######
......#####.....## #..###
.........##...### ##...#
.....###......# ###.###
###### #......#### #...#


You could see a gnoll bouda (ally target) and a friendly cerulean imp
(summoned).

Vanquished Creatures
  Jessica (D:2)
  2 gnolls (D:3)
  2 adders
  2 worms
  A dart slug (D:1)
  4 endoplasms
  2 goblins
  3 hobgoblins
  A kobold (D:2)
  A quokka (D:1)
  5 ball pythons
  6 bats
  A frilled lizard (D:1)
  6 rats
37 creatures vanquished.

Vanquished Creatures (collateral kills)
  A worm (D:2)
1 creature vanquished.

Grand Total: 38 creatures vanquished

Notes
Turn   | Place    | Note
-------+----------+-------------------------------------------
     0 | D:1      | Forgeling the Octopode Hedge Wizard began the quest for the
                  | Orb.
     0 | D:1      | Reached XP level 1. HP: 11/11 MP: 4/4
   314 | D:1      | Reached XP level 2. HP: 17/17 MP: 6/6
   317 | D:1      | Learned a level 2 spell: Call Imp
   675 | D:2      | Noticed Jessica
   825 | D:2      | Reached XP level 3. HP: 21/21 MP: 7/7
   923 | D:2      | Found a bloodstained altar of Trog.
  1030 | D:2      | Killed Jessica
  1031 | D:2      | Reached XP level 4. HP: 12/27 MP: 3/9
  1134 | D:2      | Learned a level 3 spell: Call Canine Familiar
  1352 | D:3      | Identified the of Cuyblai
  1352 | D:3      | Identified the "Beynul"
  1352 | D:3      | Identified the "Reovoeb"
  1365 | D:3      | Reached skill level 4 in Spellcasting
  1561 | D:2      | Slain by a gnoll bouda

Illustrated notes

Levels and vault maps discovered:
D:1:      minmay_arrival_shattered_statue, layout_basic
D:2:      layout_rooms, basic_altar, uniq_jessica
D:3:      layout_basic, nicolae_sif_muna_little_library, corner_web_ring,
          minmay_unequal

Skill      XL: |  1  2  3  4 |
---------------+-------------+-----
Summonings     | 2 3 |  3.0
Spellcasting   | 4 |  4.3
Dodging        | |  2.0
Stealth        | |  2.6
Conjurations   | |  1.0
Translocations | |  1.0

Action                     |  1- 3 |  4- 6 || total
---------------------------+-------+-------++-------
  Melee: Dagger            |    13 |       ||    13
         Tentacles         |    16 |     4 ||    20
         Constrict         |    10 |     6 ||    16
         Falchion          |    37 |    26 ||    63
         Punch             |       |     1 ||     1
   Cast: Magic Dart        |     2 |     4 ||     6
         Call Imp          |     1 |     2 ||     3
   Stab: Sleeping          |     7 |     3 ||    10
 Armour: Skin              |    29 |    19 ||    48
  Dodge: Dodged            |    29 |    13 ||    42

Table legend: (Time is in decaauts)
 A = Elapsed time spent in this place.
 B = Non-inter-level travel time spent in this place.
 C = Inter-level travel time spent in this place.
 D = Time resting spent in this place.
 E = Time spent auto-exploring this place.
 F = Levels seen in this place.
 G = Mean time per level.
                   A        B        C        D        E       F      G
               +--------+--------+--------+--------+--------+-----+--------+
         Total |   1583 |   1491 |     92 |      0 |   1129 |   3 |  527.7 |
       Dungeon |   1583 |   1491 |     92 |      0 |   1129 |   3 |  527.7 |
               +--------+--------+--------+--------+--------+-----+--------+

Top non-repeatable levels by time:
     D:1: 711 daAuts
     D:2: 667 daAuts
     D:3: 205 daAuts
